 Dungeon Crawl Stone Soup version 0.19-a0-934-gf1df8d1 (webtiles) character file.

25 ololoev the Vexing (level 2, 0/24 HPs)
             Began as a Troll Enchanter on July 7, 2016.
             Slain by an adder (5 damage)
             ... on level 2 of the Dungeon.
             The game lasted 00:01:23 (605 turns).

ololoev the Vexing (Troll Enchanter)                 Turns: 605, Time: 00:01:23

Health: 0/24       AC:  6    Str: 15    XL:     2   Next: 86%
Magic:  2/2        EV: 10    Int: 11    God:
Gold:   102        SH:  0    Dex: 10    Spells: 1 memorised, 2 levels left

rFire  . . .     SeeInvis .       - Unarmed
rCold  . . .     Gourm    +     b - +1 robe
rNeg   . . .     Faith    .     (no shield)
rPois  .         Spirit   .     (helmet restricted)
rElec  .         Dismiss  .     (no cloak)
rCorr  .         Reflect  .     (gloves unavailable)
SustAt .         Harm     .     (boots unavailable)
MR     .....                    (no amulet)
Stlth  +.........               (no ring)
                                (no ring)

@: lethally poisoned (0 -> -2), not resistant to hostile enchantments, very
unstealthy
A: unfitting armour, claws 3, fast metabolism 3, gourmand, regeneration 2,
shaggy fur 1, tough skin 2
a: no special abilities


Innate Abilities, Weirdness & Mutations

You are too large for most types of armour.
You have claws for hands.
Your metabolism is lightning-fast.
You like to eat raw meat.
You heal very quickly.
You are covered in fur. (AC +1)
You have very tough skin. (AC +2)

Inventory:

Armour
 b - a +1 robe (worn)
Scrolls
 a - 3 scrolls of identify {unknown}
 e - 2 scrolls of immolation {unknown}
 f - a scroll of fear {unknown}
 g - a scroll of fog {unknown}
Potions
 h - a potion of curing {unknown}
 i - a potion of agility {unknown}
 j - a potion of mutation {unknown}
Books
 c - a book of Maledictions

   Spells                             Type                      Level
   a - Corona                         Hexes                        1
   b - Ensorcelled Hibernation        Hexes/Ice                    2
   c - Confuse                        Hexes                        3
   d - Tukima's Dance                 Hexes                        3
   e - Dazzling Spray                 Conjuration/Hexes            3
Comestibles
 d - 2 bread rations


   Skills:
 + Level 0.2 Fighting
   Level 0.7 Short Blades
 + Level 1.9 Dodging
 - Level 1.7 Stealth
 * Level 1.4 Unarmed Combat
 - Level 1.2 Spellcasting
 * Level 2.2 Hexes


You had 2 spell levels left.
You knew the following spells:

 Your Spells              Type           Power        Failure   Level  Hunger
a - Corona                Hex            #......      14%         1    ##.....


You were on level 2 of the Dungeon.
You were not hungry.

You visited 1 branch of the dungeon, and saw 2 of its levels.

You collected 102 gold pieces.

#................#
.................#
#
......############.
.
...#####..........
..
...#####.###....#
...
...'.....##.....#
....
...####.........#
..... ...#
#.###...†.##......
...# #.#
#.####@S...... ...#
#.# #.# #..b.....
...# #.# #.#
#.$....## #### #.#
#.# #......# #.#
#.# #++##### #+#
###

Notes
Turn   | Place    | Note
-------+----------+-------------------------------------------
     0 | D:1      | ololoev the Troll Enchanter began the quest for the Orb.
     0 | D:1      | Reached XP level 1. HP: 16/16 MP: 1/1
   125 | D:1      | Reached XP level 2. HP: 24/24 MP: 2/2
   211 | D:1      | Reached skill level 1 in Unarmed Combat
   605 | D:2      | Slain by an adder

Dungeon Overview and Level Annotations

Branches:
Dungeon (2/15)

Altars:


Message History

a dagger; a stone
There is a stone staircase leading down here.
h - a puce potion
i - a glowing puce potion You now have 83 gold pieces (gained 18).
You now have 89 gold pieces (gained 6).
j - a green potion You now have 102 gold pieces (gained 13).
e - 2 scrolls labeled PAGREIKLILU (gained 1) As you open the door, it creaks loudly!
There is an open door here.
A rat comes into view.
A rat is nearby!
A rat is nearby!
A rat is nearby!
A bat comes into view.
The bat moves out of view.
An adder comes into view.
You scratch the rat.
You kill the rat!
The bat closely misses you.
You claw the bat!
You kill the bat!
The adder hisses angrily.
You see here a bat corpse.
Found 16 gold pieces.
The adder barely misses you.
You miss the adder. The adder bites you but does no damage.
The adder bites you.
You are poisoned.
The adder poisons you!
A bat comes into view.
You closely miss the adder.
You feel sick.
The bat moves out of view.
The adder bites you.
You are more poisoned.
The adder poisons you!
You barely miss the adder. The adder bites you but does no damage.
You closely miss the adder.
You feel sick. The bat barely misses you. The adder closely misses you.
You claw the adder!
The adder is heavily wounded.
The bat barely misses you. The adder closely misses you. x2
You closely miss the adder.
The adder is heavily wounded.
You feel sick. The adder closely misses you.
The bat hits you but does no damage.
You barely miss the adder.
The adder is heavily wounded.
The bat completely misses you. The adder bites you.
You are more poisoned.
The adder poisons you!
You barely miss the adder.
The adder is heavily wounded.
You feel sick. The bat completely misses you. The adder bites you.
You are more poisoned.
The adder poisons you!
There are monsters nearby!
There are monsters nearby!
You barely miss the adder.
The adder is heavily wounded.
You feel sick. The bat hits you. The adder barely misses you.
The adder bites you but does no damage.
You barely miss the adder.
The adder is heavily wounded.
You feel sick. The bat hits you but does no damage.
The adder bites you but does no damage.
You closely miss the adder.
The adder is heavily wounded.
You feel sick. The bat hits you. The adder bites you.
You scratch the adder.
The adder is severely wounded.
You feel sick. The bat hits you but does no damage.
The adder bites you but does no damage. x2
You scratch the adder.
The adder is almost dead.
You feel sick. The bat misses you. The adder barely misses you.
You miss the adder.
The adder is almost dead.
You feel sick. The bat barely misses you. The adder bites you.
You die...

You could see an adder and a bat.

Vanquished Creatures
  A dart slug (D:1)
  A giant cockroach (D:1)
  4 goblins
  3 hobgoblins (D:1)
  7 kobolds
  2 bats
  A giant newt (D:1)
  2 rats
21 creatures vanquished.

Action                   || total
-------------------------++-------
Melee: Unarmed           ||    77
 Stab: Sleeping          ||     1
  Eat: Chunk             ||     3
Armor: Robe              ||    28
Dodge: Dodged            ||    36

Vault maps used:
D:1:      dpeg_arrival_stonehenge_8_columns, minmay_misc_feat_nine_boxes
D:2:      kennysheep_big_empty_room, johnstein_pakellas_shop, uniq_jessica
